 Dungeon Crawl Stone Soup version 0.22-a0-247-gbddf880 (webtiles) character file.

1400 b5mith the Slasher (level 8, -4/73 HPs)
             Began as a Minotaur Berserker on Feb 25, 2018.
             Was a High Priest of Trog.
             Killed from afar by an electric eel (10 damage)
             ... with a bolt of electricity
             ... on level 6 of the Dungeon.
             The game lasted 00:14:13 (5376 turns).

b5mith the Slasher (Minotaur Berserker)             Turns: 5376, Time: 00:14:13

Health: -4/73      AC: 13    Str: 24    XL:     8   Next: 41%
Magic:  7/7        EV: 10    Int:  4    God:    Trog [*****.]
Gold:   326        SH:  0    Dex: 10    Spells: 7/7 levels left

rFire    + . .     SeeInvis .   a - +0 falchion
rCold    . . .     Gourm    .   (no shield)
rNeg     . . .     Faith    .   r - +0 chain mail
rPois    .         Spirit   .   (helmet restricted)
rElec    .         Reflect  .   (no cloak)
rCorr    .         Harm     +   o - +2 pair of gloves
MR       .....                  (no boots)
Stlth    ..........             e - amulet of harm
HPRegen  0.22/turn              x - ring of protection from fire
MPRegen  0.10/turn              (no ring)

@: very slow
A: retaliatory headbutt, horns 2
a: Berserk, Trog's Hand, Brothers in Arms, Renounce Religion


You were on level 6 of the Dungeon.
You worshipped Trog.
Trog was extremely pleased with you.
You were not hungry.

You visited 1 branch of the dungeon, and saw 6 of its levels.
You also visited: Sewer.

You collected 326 gold pieces.

Inventory:

Hand Weapons
 a - a +0 falchion (weapon)
Missiles
 E - 5 javelins (quivered)
Armour
 b - a +0 animal skin
 o - a +2 pair of gloves (worn)
 r - a +0 chain mail (worn)
 u - a +0 pair of gloves
Jewellery
 e - an amulet of harm (around neck)
 x - a ring of protection from fire (left hand)
Wands
 y - a wand of random effects (64)
Scrolls
 d - 6 scrolls of immolation
 g - 2 scrolls of enchant armour
 i - 2 scrolls of teleportation
 p - 2 scrolls of magic mapping
 q - 2 scrolls of fear
 t - a scroll of blinking
 w - 2 scrolls of remove curse {@r2}
 F - a scroll of fog {unknown}
Potions
 f - 5 potions of brilliance
 j - 4 potions of lignification
 k - a potion of cancellation {unknown}
 l - a potion of resistance {unknown}
 m - a potion of haste {unknown}
 n - 3 potions of heal wounds {unknown}
 s - 8 potions of curing {@q1}
 v - a potion of agility {unknown}
 z - 2 potions of might {unknown}
 A - 4 potions of flight {unknown}
 B - a potion of berserk rage {unknown}
 D - a potion of invisibility {unknown}
Comestibles
 c - 7 rations


   Skills:
 + Level 7.2 Fighting
 + Level 7.2 Long Blades
 + Level 6.6 Armour
 + Level 6.0 Dodging


You had 7 spell levels left.
You didn't know any spells.

Dungeon Overview and Level Annotations

Branches:
Dungeon (6/15)             Temple (0/1) D:5

Altars:
Dithmenos
Fedhas
Vehumet


Innate Abilities, Weirdness & Mutations

You reflexively headbutt those who attack you in melee.
You have a pair of horns on your head.


Message History

The bolt of electricity hits you!
* * * LOW HITPOINT WARNING * * *
Your unstable footing causes you to fumble your attack.
The electric eel shoots out a bolt of lightning at you!
The bolt of electricity misses you.
You hit the electric eel. Your headbutt misses the electric eel.
The electric eel is almost dead.
The electric eel shoots out a bolt of lightning at you!
The bolt of electricity hits you!
* * * LOW HITPOINT WARNING * * *
Your unstable footing causes you to fumble your attack.
The electric eel shoots out a bolt of lightning at you!
The bolt of electricity hits you!
* * * LOW HITPOINT WARNING * * *
Your unstable footing causes you to fumble your attack.
Your chain mail prevents you from hitting the electric eel.
The electric eel is almost dead.
The electric eel shoots out a bolt of lightning at you!
The bolt of electricity hits you!
You die...

.. ≈ ≈≈≈ # ♣≈♣≈≈≈≈≈≈≈P
############♣♣≈≈≈≈≈≈≈≈≈P
.......##..#.≈≈≈≈≈≈≈≈≈≈P
##...........(PP≈≈≈≈≈≈≈≈
##.(...##...#≈((♣≈P≈≈≈≈P
##.....##..##≈≈≈≈(≈≈≈P≈P
.......##..###♣♣;PPP≈PP≈
............#.≈≈@≈≈≈≈≈≈≈
............'.♣P♣♣≈≈≈≈♣≈
............#...≈♣ P≈≈≈♣
#################≈≈≈≈≈##
#♣♣♣##


You could see an electric eel.

Vanquished Creatures
  Eustachio (D:4)
  Edmund (D:6)
  An ice beast (D:5)
  An ogre (D:5)
  A centaur (D:5)
  A big kobold (Sewer)
  An electric eel (D:6)
  A bullfrog zombie (D:5)
  2 crimson imps (D:5)
  A jelly (D:5)
  2 orc priests
  A hound (D:5)
  Jessica (D:3)
  2 iguanas
  Ijyb (D:3)
  4 worker ants
  Terence (D:2)
  Robin (D:4)
  3 gnolls (D:5)
  A howler monkey skeleton (D:4)
  6 adders
  6 river rats (Sewer)
  2 oozes
  5 worms
  A dart slug (D:2)
  8 leopard geckos
  8 orcs
  6 ball pythons (Sewer)
  5 bats
  9 giant cockroaches
  6 hobgoblins
  14 jackals
  A quokka (D:3)
  5 frilled lizards
  16 goblins
  22 kobolds
  22 rats
170 creatures vanquished.

Notes
Turn   | Place    | Note
-------+----------+-------------------------------------------
     0 | D:1      | b5mith the Minotaur Berserker began the quest for the Orb.
     0 | D:1      | Reached XP level 1. HP: 19/19 MP: 0/0
    70 | D:1      | Reached XP level 2. HP: 17/27 MP: 1/1
   458 | D:1      | Reached ** piety under Trog
   732 | D:2      | Found a radiant altar of Vehumet.
   788 | D:2      | Reached XP level 3. HP: 33/33 MP: 2/2
   816 | D:2      | Noticed Terence
   823 | D:2      | Killed Terence
  1176 | D:3      | Reached XP level 4. HP: 38/40 MP: 3/3
  1400 | D:3      | Found a blossoming altar of Fedhas.
  1427 | D:3      | Found a glowing drain.
  1457 | Sewer    | Entered a sewer
  1604 | Sewer    | Reached XP level 5. HP: 42/47 MP: 4/4
  1631 | Sewer    | Reached *** piety under Trog
  1666 | Sewer    | Reached skill level 5 in Long Blades
  1695 | Sewer    | Reached skill level 5 in Fighting
  1832 | Sewer    | Reached XP level 6. HP: 54/56 MP: 5/5
  2210 | D:3      | Noticed Jessica
  2212 | D:3      | Killed Jessica
  2274 | D:3      | Noticed Ijyb
  2279 | D:3      | Killed Ijyb
  2518 | D:3      | Reached **** piety under Trog
  3055 | D:4      | Found a shadowy altar of Dithmenos.
  3069 | D:4      | Noticed Eustachio
  3105 | D:4      | Killed Eustachio
  3105 | D:4      | Reached skill level 5 in Armour
  3105 | D:4      | Reached XP level 7. HP: 49/62 MP: 6/6
  3806 | D:4      | Noticed Robin
  3828 | D:4      | Killed Robin
  4133 | D:5      | Entered Level 5 of the Dungeon
  4140 | D:5      | Reached skill level 5 in Dodging
  4166 | D:5      | Reached ***** piety under Trog
  4392 | D:5      | Reached XP level 8. HP: 71/71 MP: 7/7
  4689 | D:5      | Found a staircase to the Ecumenical Temple.
  4892 | D:6      | Noticed Edmund
  4901 | D:6      | Killed Edmund
  5376 | D:6      | Killed from afar by an electric eel

Vault maps used:
D:1:      minmay_arrival_cross
D:2:      vehumet_crystals, uniq_terence
D:3:      fedhas_altar_1, first_ration, gup_sewer_entry_pipe, uniq_ijyb,
          uniq_jessica
D:4:      nicolae_dithmenos_shadow_blocks, minmay_misc_feat_pillars,
          minmay_misc_feat_doors, minmay_goblin_kobold_house, uniq_eustachio,
          uniq_robin
D:5:      minmay_temple_entry_trees
D:6:      gammafunk_temple_overflow_elements, serial_shops,
          nicolae_shop_crystal, serial_bayou_lake_a, uniq_duvessa, uniq_edmund
Sewer:    sewer_minmay_treatment

Skill      XL: |  1  2  3  4  5  6  7  8 |
---------------+-------------------------+-----
Long Blades    | 4 5 6 7 |  7.2
Fighting       | 4 5 6 7 |  7.2
Armour         | 3 4 5 6 |  6.6
Dodging        | 3 4 5 6 |  6.0

Action                   |  1- 3 |  4- 6 |  7- 9 || total
-------------------------+-------+-------+-------++-------
Melee: Falchion          |    66 |   253 |   174 ||   493
       Headbutt          |    16 |    28 |    38 ||    82
Throw: Tomahawk          |       |       |     4 ||     4
       Javelin           |       |       |     1 ||     1
Invok: Berserk           |       |     2 |       ||     2
  Use: Scroll            |     1 |     6 |     3 ||    10
       Potion            |       |       |     1 ||     1
  Eat: Chunk             |     1 |     7 |     7 ||    15
       Ration            |       |       |     1 ||     1
Armor: Chain mail        |    12 |   168 |    71 ||   251
       Skin              |       |       |    10 ||    10
Dodge: Dodged            |    34 |   177 |    71 ||   282
       Rpst.: Falchion   |     3 |    45 |    14 ||    62

Table legend:
 A = Spawn XP
 B = Non-spawn XP
 C = Spawn XP percentage of total XP
 D = Spawn monster count
 E = Non-spawn monster count
 F = Spawn count percentage of total count
 G = Total turns spent on level
                    A         B        C        D         E        F      G
               +---------+---------+-------+---------+---------+-------+---------
         Total |       0 |    2000 |   0.0 |       0 |     170 |   0.0 |  5376
               +---------+---------+-------+---------+---------+-------+---------
           D:1 |       0 |      37 |   0.0 |       0 |      23 |   0.0 |   704
           D:2 |       0 |      55 |   0.0 |       0 |      10 |   0.0 |   413
           D:3 |       0 |     236 |   0.0 |       0 |      27 |   0.0 |  1290
           D:4 |       0 |     443 |   0.0 |       0 |      37 |   0.0 |  1129
           D:5 |       0 |     772 |   0.0 |       0 |      23 |   0.0 |   743
           D:6 |       0 |     220 |   0.0 |       0 |       2 |   0.0 |   500
         Sewer |       0 |     237 |   0.0 |       0 |      48 |   0.0 |   597
               +---------+---------+-------+---------+---------+-------+---------
